 Dungeon Crawl Stone Soup version 0.21.1-1-g345015f (webtiles) character file.

270 inc the Cudgeler (level 6, 0/42 HPs)
             Began as an Octopode Chaos Knight on June 6, 2018.
             Succumbed to an adder's poison
             ... on level 4 of the Dungeon.
             The game lasted 00:09:23 (3617 turns).

inc the Cudgeler (Octopode Chaos Knight)            Turns: 3617, Time: 00:09:24

Health: 0/42       AC:  3    Str: 11 (13) XL:     6   Next: 22%
Magic:  6/6        EV: 21    Int: 14 (15) God:    Xom [......]
Gold:   203        SH:  0    Dex: 16 (18) Spells: 5/5 levels left

rFire    . . .     SeeInvis .   t - +0 morningstar
rCold    . . .     Gourm    .   (no shield)
rNeg     . . .     Faith    +   (helmet restricted)
rPois    .         Spirit   .   m - amulet of faith
rElec    .         Reflect  .   h - +4 ring of strength
rCorr    .         Harm     .   (no ring)
MR       .....                  (no ring)
Stlth    +++.......             (no ring)
HPRegen  0.14/turn              (no ring)
MPRegen  0.10/turn              (no ring)
                                (no ring)
                                (no ring)

@: agile, lethally poisoned (0 -> -7)
A: almost no armour, stealthy swim, amphibious, 8 rings, constrict 8, icy blue
scales 1, camouflage 1, agile 1, dopey 1, weak 1, gelatinous body 1
a: Renounce Religion


You were on level 4 of the Dungeon.
You worshipped Xom.
You were a very special plaything of Xom.
You were hungry.

You visited 1 branch of the dungeon, and saw 4 of its levels.

You collected 203 gold pieces.

Inventory:

Hand Weapons
 a - a +0 mace of chaos
 t - a +0 morningstar (weapon)
Jewellery
 h - a +4 ring of strength (left tentacle)
 m - an amulet of faith (around mantle)
Wands
 r - a wand of polymorph (9)
 v - a wand of disintegration (7)
Scrolls
 d - a scroll of remove curse {unknown}
 f - a scroll of noise {unknown}
 l - 2 scrolls of enchant weapon {unknown}
 p - 2 scrolls of teleportation
 q - a scroll of magic mapping {unknown}
 s - 2 scrolls of amnesia {unknown}
 x - a scroll of identify
Potions
 c - a potion of cancellation {unknown}
 e - a potion of heal wounds {unknown}
 g - 2 potions of brilliance
 j - 2 potions of flight
 k - a potion of haste {unknown}
 w - a potion of might {unknown}
Books
 i - a book of Alchemy

   Spells                             Type                      Level
   a - Sublimation of Blood           Necromancy                   2
   b - Ignite Poison                  Fire/Transmutation/Poison    3
   c - Petrify                        Transmutation/Earth          4
   d - Alistair's Intoxication        Transmutation/Poison         5
   e - Irradiate                      Conjuration/Transmutation    5
Comestibles
 b - 4 rations


   Skills:
 - Level 3.0 Fighting
 + Level 5.6 Maces & Flails
 - Level 4.4 Dodging


You had 5 spell levels left.
You didn't know any spells.

Dungeon Overview and Level Annotations

Branches:
Dungeon (4/15)
 Temple: D:4-7

Altars:
Hepliaklqana
Makhleb
Okawaru
Trog
Xom


Innate Abilities, Weirdness & Mutations

You cannot wear most types of armour.
You are very stealthy in the water. (Stealth+)
You are amphibious.
You can wear up to eight rings at the same time.
You can use your tentacles to constrict eight enemies at once.
Your skin changes colour to match your surroundings (Stealth+).
Your rubbery body absorbs attacks. (AC +1, EV +1)
You are partially covered in icy blue scales. (AC +2)
You are agile. (Dex +2)
You are dopey. (Int -2)
You are weak. (Str -2)


Message History

You are more poisoned.
The adder poisons you!
You closely miss the adder. Your grab misses the adder.
You feel sick. The adder closely misses you.
It was a potion of magic.
Magic courses through your body. The adder bites you.
* * * LOW HITPOINT WARNING * * *
The gnoll hits you from afar with a halberd!
* * * LOW HITPOINT WARNING * * *
Xom is mildly amused.
The adder barely misses you.
It was a potion of agility.
You feel agile all of a sudden.
* * * LOW HITPOINT WARNING * * *
You feel sick. The adder completely misses you.
It was a potion of degeneration.
There was something very wrong with that liquid.
You feel weakened.
You feel dopey.
You feel clumsy.
Xom is mildly amused.
Xom is highly amused!
You die...
Xom bursts into laughter!

≈♣≈P≈♣ ### #. ≈≈≈P≈
..g gg ≈≈≈≈♣♣###. #g#
≈≈≈≈≈≈≈##.# #†#
≈≈≈≈≈♣♣#... #g#
≈≈≈≈≈≈♣#... #g#
≈≈≈≈≈♣♣#...#### #g#
≈≈≈≈≈≈P...!...####g##
≈≈≈≈P♣♣.........@S..#
####
≈≈≈≈≈≈♣.......####.##
≈.. ≈≈≈P≈≈≈....####
###P♣ ≈P# ≈≈≈PP♣≈....
#≈ ≈≈# ≈≈≈PP♣.....
###.♣.# ♣.####
#.....# ♣≈ #.#.### P
#. ♣ #.


You could see a gnoll shaman and an adder.

Vanquished Creatures
  A bullfrog (D:3)
  Terence (D:3)
  A gnoll (D:4)
  3 adders (D:3)
  5 worms
  6 leopard geckos
  11 orcs
  A ball python (D:3)
  3 bats
  16 giant cockroaches
  7 goblins
  7 hobgoblins
  A jackal (D:3)
  16 kobolds
  7 frilled lizards
  7 rats
93 creatures vanquished.

Vanquished Creatures (collateral kills)
  Ijyb (D:3)
  An adder (D:3)
  A goblin (D:3)
  A jackal (D:3)
4 creatures vanquished.

Grand Total: 97 creatures vanquished

Notes
Turn   | Place    | Note
-------+----------+-------------------------------------------
     0 | D:1      | inc the Octopode Chaos Knight began the quest for the Orb.
     0 | D:1      | Reached XP level 1. HP: 16/16 MP: 1/1
    56 | D:1      | XOM: harmless Summ miscast
    94 | D:1      | XOM: harmless Pois miscast
   114 | D:1      | Reached XP level 2. HP: 21/21 MP: 2/2
   150 | D:1      | XOM: divination: detect items
   388 | D:1      | XOM: harmless Tloc miscast
   416 | D:1      | XOM: divination: detect creatures
   489 | D:1      | Reached XP level 3. HP: 24/26 MP: 3/3
   766 | D:1      | XOM: 4-stop teleportation journey
   825 | D:1      | XOM: god gift: metal-bound book {god gift}
   947 | D:1      | XOM: cloud trail
   990 | D:2      | XOM is BORED!
   990 | D:2      | XOM: noise
  1003 | D:2      | XOM: divination: magic mapping
  1112 | D:2      | XOM: medium Air miscast
  1356 | D:2      | Reached XP level 4. HP: 19/31 MP: 4/4
  2144 | D:3      | XOM: give mutation
  2144 | D:3      | Gained mutation: You are partially covered in icy blue scales. (AC +2) [Xom's grace]
  2148 | D:3      | XOM: god gift: wand of polymorph (9)
  2237 | D:3      | Noticed Ijyb
  2245 | D:3      | XOM: 3-stop teleportation journey
  2248 | D:3      | XOM: divination: magic mapping
  2250 | D:3      | Killed Ijyb
  2266 | D:3      | Reached skill level 4 in Maces & Flails
  2273 | D:3      | Reached XP level 5. HP: 21/36 MP: 5/5
  2321 | D:3      | XOM: scenery: create altars
  2324 | D:3      | XOM: 4-stop teleportation journey
  2450 | D:3      | Found a burning altar of Makhleb.
  2662 | D:3      | XOM: polymorph adder -> bullfrog
  2665 | D:3      | Reached skill level 5 in Maces & Flails
  2764 | D:3      | Noticed Terence
  2769 | D:3      | Killed Terence
  2769 | D:3      | Reached XP level 6. HP: 40/42 MP: 6/6
  2836 | D:3      | XOM: summons 3 hostile demons
  2843 | D:2      | XOM: harmless Fire miscast
  2848 | D:3      | XOM: medium Fire miscast
  3104 | D:3      | Found a bloodstained altar of Trog.
  3162 | D:3      | Found an iron altar of Okawaru.
  3188 | D:3      | XOM: give mutations
  3188 | D:3      | Gained mutation: You are agile. (Dex +2) [Xom's mischief]
  3188 | D:3      | Gained mutation: You are weak. (Str -2) [Xom's mischief]
  3188 | D:3      | Gained mutation: You are dopey. (Int -2) [Xom's mischief]
  3196 | D:3      | Found a hazy altar of Hepliaklqana.
  3279 | D:3      | XOM: noise
  3313 | D:3      | XOM: harmless Tmut miscast
  3382 | D:3      | XOM: harmless Tmut miscast
  3414 | D:3      | XOM: harmless Chrm miscast
  3591 | D:4      | XOM: 7-stop teleportation journey
  3615 | D:4      | HP: 2/42 [gnoll/halberd (8)]
  3617 | D:4      | Succumbed to an adder's poison

Skill      XL: |  1  2  3  4  5 |
---------------+----------------+-----
Dodging        | 3 4 |  4.4
Maces & Flails | 4 5 |  5.6
Fighting       | |  3.0

Action                   |  1- 3 |  4- 6 || total
-------------------------+-------+-------++-------
Melee: Mace              |    91 |    42 ||   133
       Constrict         |    31 |    27 ||    58
       Tentacles         |     9 |    21 ||    30
       Morningstar       |       |    57 ||    57
  Use: Scroll            |       |     3 ||     3
       Potion            |       |     3 ||     3
 Stab: Sleeping          |     2 |     7 ||     9
       Distracted        |     1 |       ||     1
  Eat: Chunk             |     1 |     7 ||     8
Armor: Skin              |     3 |    20 ||    23
Dodge: Dodged            |    74 |   101 ||   175
